 Dungeon Crawl Stone Soup version 0.32-a0-913-g739538afd8 (webtiles) character file.

Game seed: 14444161892059351666

310 whatisthis the Magician (level 6, -5/35 HPs)
             Began as a Deep Elf Alchemist on Apr 7, 2024.
             Killed from afar by an orc wizard (8 damage)
             ... with a puff of flame
             ... on level 4 of the Dungeon.
             The game lasted 00:10:17 (4250 turns).

whatisthis the Magician (Deep Elf Alchemist)        Turns: 4250, Time: 00:10:18

Health: -5/35      AC:  3    Str:  5    XL:     6   Next: 18%
Magic:  6/15       EV: 11    Int: 24    God:
Gold:   214        SH:  0    Dex: 15    Spells: 9/15 levels left

rFire   . . .        u - +1 war axe "Iqule" {venom, Int+2}
rCold   . . .        (no shield)
rNeg    . . .        a - +0 robe
rPois   .            (no helmet)
rElec   .            r - +0 cloak
rCorr   .            (no gloves)
SInv    .            (no boots)
Will    .....        (no amulet)
Stlth   ++           (no ring)
HPRegen 0.25/turn    (no ring)
MPRegen 0.14/turn

%: no passive effects
@: no status effects
A: no striking features
a: no special abilities


You were on level 4 of the Dungeon.
You visited 1 branch of the dungeon, and saw 4 of its levels.

You collected 214 gold pieces.

Inventory:

Hand Weapons
 c - a +0 dagger
 q - a +4 quarterstaff of chaos
 t - a +1 whip of electrocution
 u - the +1 war axe "Iqule" (weapon) {venom, Int+2}
   (You found it on level 3 of the Dungeon)

   Int+2:     It affects your intelligence (+2).
Missiles
 y - 3 poisoned darts
Armour
 a - a +0 robe (worn)
 r - a +0 cloak (worn)
Wands
 n - a wand of light (8)
 z - a wand of charming (15)
Scrolls
 d - 3 scrolls of immolation
 e - 7 scrolls of identify {unknown}
 f - 8 scrolls of teleportation {unknown}
 g - a scroll of amnesia {unknown}
 h - 2 scrolls of noise {unknown}
 k - a scroll of blinking {unknown}
 m - 2 scrolls of silence {unknown}
 o - a scroll of enchant armour {unknown}
 s - a scroll of fog {unknown}
 w - a scroll of fear {unknown}
 A - a scroll of enchant weapon {unknown}
Potions
 b - 2 potions of magic
 i - 2 potions of brilliance {unknown}
 j - 2 potions of curing {unknown}
 l - a potion of haste {unknown}
 p - a potion of ambrosia {unknown}
 v - 2 potions of heal wounds {unknown}
 x - a potion of might {unknown}


   Skills:
 - Level 2.0 Fighting
 - Level 2.4 Dodging
 - Level 2.4 Stealth
 + Level 5.1 Spellcasting
 + Level 3.5 Conjurations
 + Level 4.8 Alchemy


You had 9 spell levels left.
You knew the following spells:

 Your Spells              Type           Power      Damage    Failure   Level
a - Sting                 Conj/Alch      100%       1d9       1%          1
b - Mercury Vapours       Alch/Air       34%        N/A       4%          2
c - Mephitic Cloud        Conj/Alch/Air  19%        N/A       9%          3

Your spell library contained the following spells:

 Spells                   Type           Power      Damage    Failure   Level
 Olgreb's Toxic Radiance  Alch           29%        N/A       12%         4
 Jinxbite                 Hex            12%        N/A       13%         2
 Sticky Flame             Fire/Alch      17%        2d5       32%         4
 Yara's Violent Unravell  Hex/Alch       8%         3d5       65%         5
 Enfeeble                 Hex            3%         N/A       100%        7


Dungeon Overview and Level Annotations

Branches:
Dungeon (4/15)
 Temple: D:4-7

Altars:
Qazlal

Shops:
D:1 :


Message History

You are confused.
Unknown command.
You're too confused to cast spells.
You bump into the rock wall.
Something hits you but does no damage.
Unknown command.
You bump into the rock wall.
Something hits you but does no damage.
You're too confused to move!
You hear some strange, mumbled words.
Something tries to affect you, but you resist.
You miss something. Something barely misses you. x2
You barely miss something.
You feel less confused.
You hear some strange, mumbled words.
You are confused.
Your magical contamination has completely faded away.
You bump into the rock wall.
Something hits you but does no damage.
You barely miss something. Something hits you but does no damage.
Something hits you.
You bump into the rock wall.
Something hits you.
You closely miss something.
You hear some strange, mumbled words.
Something tries to affect you, but you resist.
You completely miss something.
You feel less confused.
You hear some strange, mumbled words.
A magic dart appears from out of thin air!
The magic dart hits you!
* * * LOW HITPOINT WARNING * * *
You hear some strange, mumbled words.
A magic dart appears from out of thin air!
The magic dart hits you.
* * * LOW HITPOINT WARNING * * *
Unknown command.
Okay, then.
Aiming: Bolt of Light
Press: ? - help, Shift-Dir - straight line You hear some strange, mumbled words.
A puff of flame appears from out of thin air!
The puff of flame hits you!
You die...

#### ###
##..#
#.######..#
##.....@{..#
#..#######.#
### ##...#
##.#
#.###..#.♣
...
##....##♣♣
.....
##..#..##♣
...###
##.####...♣
..## #.##
##.)♣ .##
### #..# ##


There were no monsters in sight!

Vanquished Creatures
  A bombardier beetle (D:4)
  Crazy Yiuf (D:2)
  An orc wizard (D:4)
  5 adders
  7 gnolls
  4 dart slugs
  4 ribbon worms
  2 orcs (D:4)
  9 bats
  5 endoplasms
  8 giant cockroaches
  5 goblins
  8 hobgoblins
  5 jackals
  7 quokkas
  5 ball pythons
  5 frilled lizards
  3 kobolds
  6 rats
91 creatures vanquished.

Vanquished Creatures (others)
  A bat zombie (D:3)
  A jackal zombie (D:3)
2 creatures vanquished.

Grand Total: 93 creatures vanquished

Notes
Turn   | Place    | Note
-------+----------+-------------------------------------------
     0 | D:1      | whatisthis the Deep Elf Alchemist began the quest for the
                  | Orb.
     0 | D:1      | Reached XP level 1. HP: 10/10 MP: 6/6
   103 | D:1      | Found Acrunus's Book Shop.
   226 | D:1      | Reached XP level 2. HP: 16/16 MP: 6/8
   229 | D:1      | Learned a level 2 spell: Mercury Vapours
  1132 | D:2      | Reached XP level 3. HP: 20/20 MP: 6/10
  1179 | D:2      | Reached skill level 1 in Fighting
  1662 | D:2      | Reached XP level 4. HP: 24/25 MP: 4/11
  1795 | D:2      | Found a runed translucent door.
  1796 | D:2      | Noticed Crazy Yiuf
  2027 | D:2      | Killed Crazy Yiuf
  2028 | D:2      | Reached skill level 4 in Spellcasting
  2195 | D:3      | Learned a level 3 spell: Mephitic Cloud
  2381 | D:3      | Identified the +1 war axe "Iqule" {venom, Int+2}
  2656 | D:3      | Found a faded altar of an unknown god.
  2804 | D:3      | Reached XP level 5. HP: 25/30 MP: 8/13
  3603 | D:4      | Found a stormy altar of Qazlal.
  3776 | D:4      | Reached skill level 5 in Spellcasting
  3776 | D:4      | Reached XP level 6. HP: 35/35 MP: 8/15
  4250 | D:4      | Killed from afar by an orc wizard

Illustrated notes

Levels and vault maps discovered:
D:1:      minmay_arrival_three_doors, layout_basic, serial_shops, shop,
          minmay_heptomino_o4
D:2:      layout_rooms, wander_ebering_terrifying_dragon_lair,
          uniq_crazy_yiuf_cottage
D:3:      layout_basic, hellmonk_ecumenical_altar_blasted, minivault_19,
          minmay_misc_feat_tiny, grunt_ministairs_4
D:4:      layout_layer_cave, mainiacjoe_overflow_six_doors_small, serial_forest,
          infiniplex_forest_lined_1, infiniplex_forest_fountain,
          infiniplex_forest_lined_corner, infiniplex_forest_clump_small,
          infiniplex_forest_straight_3, infiniplex_forest_lined_corner,
          infiniplex_forest_lined_room_2, infiniplex_forest_lined_2,
          infiniplex_forest_end_2, hangedman_abyss_or_decor_lesser_grid,
          kennysheep_generic_room_9, uniq_menkaure

Skill      XL: |  1  2  3  4  5 |
---------------+----------------+-----
Fighting       | 1 2 |  2.0
Conjurations   | 2 3 |  3.5
Spellcasting   | 4 5 |  5.1
Alchemy        | 4 |  4.8
Dodging        | |  2.4
Stealth        | |  2.4

Action                     |  1- 3 |  4- 6 || total
---------------------------+-------+-------++-------
  Melee: Dagger            |    32 |     5 ||    37
         Quarterstaff      |       |    21 ||    21
         War axe           |       |    40 ||    40
   Cast: Sting             |    45 |    78 ||   123
         Mercury Vapours   |    13 |    12 ||    25
         Mephitic Cloud    |       |     1 ||     1
  Evoke: Wand              |       |     3 ||     3
   Stab: Sleeping          |     1 |     1 ||     2
         Petrified         |       |     3 ||     3
         Distracted        |       |     1 ||     1
 Armour: Robe              |    36 |    59 ||    95
  Dodge: Dodged            |    53 |    47 ||   100

Table legend: (Time is in decaauts)
 A = Elapsed time spent in this place.
 B = Non-inter-level travel time spent in this place.
 C = Inter-level travel time spent in this place.
 D = Time resting spent in this place.
 E = Time spent auto-exploring this place.
 F = Levels seen in this place.
 G = Mean time per level.
                   A        B        C        D        E       F      G
               +--------+--------+--------+--------+--------+-----+--------+
         Total |   4277 |   4062 |    215 |    614 |   2454 |   4 | 1069.2 |
       Dungeon |   4277 |   4062 |    215 |    614 |   2454 |   4 | 1069.2 |
               +--------+--------+--------+--------+--------+-----+--------+

Top non-repeatable levels by time:
     D:2: 1183 daAuts
     D:3: 1097 daAuts
     D:1: 1008 daAuts
     D:4: 988 daAuts
